 Dungeon Crawl Stone Soup version 0.28.0 (webtiles) character file.

Game seed: 12183350654346508552

723 Discosetron the Sneak (level 7, -1/32 HPs)
             Began as a Spriggan Earth Elementalist on Feb 16, 2022.
             Was a Follower of Ashenzari.
             Succumbed to an orc wizard's poison
             ... on level 6 of the Dungeon.
             The game lasted 00:14:03 (4998 turns).

Discosetron the Sneak (Spriggan Earth Elementalist) Turns: 4998, Time: 00:14:04

Health: -1/32      AC:  3    Str:  4    XL:     7   Next: 43%
Magic:  13/18      EV: 19    Int: 23    God:    Ashenzari [*.....]
Gold:   265        SH:  0    Dex: 22    Spells: 13/20 levels left

rFire   . . .      SeeInvis +   a - +0 dagger "Bound Together" {Cun, Comp} (curse)
rCold   . . .      Faith    .   (no shield)
rNeg    . . .      Spirit   .   f - +1 robe of Fortification {rElec Dex+5}
rPois   .          Reflect  .   (helmet restricted)
rElec   +          Harm     .   (no cloak)
rCorr   .          Rampage  .   (gloves unavailable)
Will    +....                   (boots unavailable)
Stlth   ++++......              (no amulet)
HPRegen 0.10/turn               m - ring of the Tethered Sage {Int+6, Melee, Fort} (curse)
MPRegen 0.16/turn               (no ring)

@: lethally poisoned (-1 -> -12), very quick
A: very small, no large weapons, unfitting armour, see invisible, speed 3
a: Renounce Religion, Curse Item, Shatter the Chains


You were on level 6 of the Dungeon.
You worshipped Ashenzari.
Ashenzari was aware of your devotion.
You visited 2 branches of the dungeon, and saw 7 of its levels.

You collected 265 gold pieces.

Inventory:

Hand Weapons
 a - the cursed +0 dagger "Bound Together" (weapon) {Cun, Comp}
   (You took it off a kobold on level 1 of the Dungeon)

   It has a curse which improves the following skills: Cunning: Dodging and
   Stealth.
   Companions: Summonings and Necromancy.
 r - a +1 vampiric short sword
Missiles
 c - 193 stones
Armour
 b - a +0 robe
 f - the +1 robe of Fortification (worn) {rElec Dex+5}
   (You found it on level 4 of the Dungeon)

   Dex:       It affects your dexterity (+5).
   rElec:     It insulates you from electricity.
Jewellery
 l - a ring of willpower
 m - the cursed ring of the Tethered Sage (left hand) {Int+6, Melee, Fort}
   (You found it on level 2 of the Dungeon)

   [ring of intelligence]

   Int:       It affects your intelligence (+6).
   It has a curse which improves the following skills: Melee Combat: Short
   Blades, Long Blades, Axes, Maces & Flails, Polearms, Staves and Unarmed
   Combat.
   Fortitude: Armour and Shields.
Wands
 h - a wand of polymorph (4)
 p - a wand of acid (7)
 t - a wand of digging (4)
Scrolls
 d - a scroll of enchant armour
 e - 5 scrolls of identify
 i - 2 scrolls of noise
 j - a scroll of fog
 k - a scroll of fear
 o - 3 scrolls of teleportation
 u - a scroll of acquirement
 w - a scroll of holy word
 y - a scroll of amnesia
Potions
 g - 2 potions of degeneration
 n - a potion of magic
 q - 2 potions of invisibility
 s - a potion of ambrosia
 v - a potion of might
 x - 2 potions of curing
 z - a potion of resistance


   Skills:
 + Level 2.1(2.8) Short Blades
 - Level 2.6(3.4) Dodging
 * Level 7.7(8.6) Stealth
 + Level 7.1 Spellcasting
 + Level 4.3 Transmutations
 - Level 2.6 Earth Magic


You had 13 spell levels left.
You knew the following spells:

 Your Spells              Type           Power      Damage    Failure   Level
a - Sandblast             Erth           40%        2d10      2%          1
e - Petrify               Tmut/Erth      24%        N/A       19%         4
p - Passwall              Tmut/Erth      20%        N/A       2%          2

Your spell library contained the following spells:

 Spells                   Type           Power      Damage    Failure   Level
 Stone Arrow              Conj/Erth      28%        3d8       13%         3


Dungeon Overview and Level Annotations

Branches:
Dungeon (6/15)             Temple (1/1) D:4

Altars:
Ashenzari
Cheibriados
Dithmenos
Elyvilon
Fedhas
Gozag
Hepliaklqana
Makhleb
Nemelex Xobeh
Okawaru
Qazlal
Ru
Sif Muna
Trog
Uskayaw
Vehumet
Wu Jian
Xom
Yredelemnul
Zin
The Shining One


Innate Abilities, Weirdness & Mutations

You are very small and have problems with some larger weapons.
You are too small for most types of armour.
You have supernaturally acute eyesight. (SInv)
You cover ground extremely quickly. (Speed+++)


Message History

You kill the orc priest!
The orc wizard misses you.
The orc wizard hits you with a +0 dagger of venom.
You are poisoned.
You feel sick.
There is a stone staircase leading up here.
The helpless orc fails to defend itself.
You perforate the orc like a sieve!!!
You kill the orc!
You feel sick.
The orc wizard points at you and mumbles some strange words.
The magic dart hits you.
You feel sick.
The helpless adder fails to defend itself.
You skewer the adder like a kebab!!!
You kill the adder!
You feel sick. The orc wizard casts a spell at you.
You resist with almost no effort.
Casting: Passwall (safe; 2% risk of failure)
Confirm with . or Enter, or press ? or * to list all spells.
You don't know that spell.
Unknown command.
Casting: Passwall (safe; 2% risk of failure)
Confirm with . or Enter, or press ? or * to list all spells.
Aiming: Petrify (extremely dangerous; 19% risk of failure)
Press: ? - help, Shift-Dir - straight line, f - orc wizard
Aim: an orc wizard, wielding a +0 dagger of venom and wearing a +0 robe (chance to affect: 55%)
The orc wizard is moving more slowly.
You feel sick.
The orc wizard hits you with a +0 dagger of venom.
You are lethally poisoned!
You hit the orc wizard but do no damage.
You feel very sick.
You hit the orc wizard but do no damage.
* * * LOW HITPOINT WARNING * * *
You feel very sick. The orc wizard casts a spell at you.
The magic dart hits you.
* * * LOW HITPOINT WARNING * * *
You die...

..## #########
##.###........ ...
.......#####.# #.#
.#.######## #.# ..##
###.....# #.# .##
#.... ... ... .#
#...# #.# #.# # ##
#...# #.# #.####.###
#[..# #.###@#......#
#)..# #.#....)#
#...# #.#...o<#
######...# #.#..)..#
.........# #.#...).#
.######..# #.#.....#
.........# #.......#
.##.###†######.#####
.##.# #..).....#


You could see an orc wizard (petrifying).

Vanquished Creatures
  An orc warrior (D:6)
  A necrophage (D:4)
  Blork the orc (D:5)
  A scorpion (D:6)
  An orc priest (D:6)
  4 hounds
  A jelly (D:4)
  2 iguanas
  An orc wizard (D:5)
  A scorpion zombie (D:5)
  6 adders
  An ufetubus (D:5)
  An adder skeleton (D:4)
  2 dart slugs
  9 orcs
  5 ball pythons
  3 bats
  7 endoplasms
  2 giant cockroaches
  6 goblins
  4 hobgoblins
  7 jackals
  6 kobolds
  A frilled lizard (D:1)
  3 rats
77 creatures vanquished.

Notes
Turn   | Place    | Note
-------+----------+-------------------------------------------
     0 | D:1      | Discosetron the Spriggan Earth Elementalist began the quest
                  | for the Orb.
     0 | D:1      | Reached XP level 1. HP: 9/9 MP: 5/5
   167 | D:1      | Reached XP level 2. HP: 13/13 MP: 0/7
   392 | D:1      | You fall into a shaft and drop 1 floor!
   445 | D:3      | You fall into a shaft and drop 1 floor!
   465 | D:4      | Identified the +1 robe of Fortification {rElec Dex+5}
   487 | D:4      | Found a staircase to the Ecumenical Temple.
   494 | Temple   | Entered the Ecumenical Temple
   747 | Temple   | Became a worshipper of Ashenzari the Shackled
   812 | D:3      | Learned a level 2 spell: Passwall
   817 | D:3      | Reached XP level 3. HP: 16/16 MP: 5/9
  2236 | D:2      | Found an iron altar of Okawaru.
  2586 | D:4      | Reached XP level 4. HP: 21/21 MP: 11/11
  2615 | D:4      | Learned a level 4 spell: Petrify
  2634 | D:4      | Noticed a necrophage
  2660 | D:4      | Killed a necrophage
  2661 | D:4      | Reached skill level 1 in Short Blades
  2661 | D:4      | Reached skill level 5 in Stealth
  2661 | D:4      | Reached skill level 5 in Spellcasting
  2661 | D:4      | Reached XP level 5. HP: 24/24 MP: 3/13
  3282 | D:4      | Reached XP level 6. HP: 28/28 MP: 12/15
  3701 | D:5      | Entered Level 5 of the Dungeon
  4190 | D:5      | Noticed Blork the orc
  4197 | D:5      | Killed Blork the orc
  4701 | D:6      | Reached XP level 7. HP: 32/32 MP: 9/18
  4701 | D:6      | Reached * piety under Ashenzari
  4701 | D:6      | Identified a scroll of acquirement
  4997 | D:6      | HP: 1/32 [orc wizard/magic dart (6)]
  4998 | D:6      | Succumbed to an orc wizard's poison

Illustrated notes

Levels and vault maps discovered:
D:1:      matt_arrival_grand_opening, layout_rooms, minmay_pentomino_u2
D:2:      layout_loops_ring, basic_altar
D:3:      layout_basic
D:4:      layout_cave_pods, temple_green
D:5:      layout_cave_pools, st_stairs_10, amcnicky_mini_rare_corridor_liquid,
          supply_closet_lemuel, uniq_blork_the_orc
D:6:      layout_loops_ring, lemuel_doored_altar, ebering_ghost_gozag
Temple:   mainiacjoe_temple_hex_bubbles

Skill      XL: |  1  2  3  4  5  6  7 |
---------------+----------------------+-----
Spellcasting   | 3 4 5 6 7 |  7.1
Transmutations | 2 3 4 |  4.3
Stealth        | 4 5 6 7 |  7.7
Short Blades   | 1 2 |  2.1
Dodging        | |  2.6
Earth Magic    | |  2.6

Action                   |  1- 3 |  4- 6 |  7- 9 || total
-------------------------+-------+-------+-------++-------
Melee: Unarmed           |     8 |       |       ||     8
       Dagger            |    53 |    41 |    11 ||   105
 Cast: Sandblast         |    30 |    47 |       ||    77
       Passwall          |     4 |     3 |     2 ||     9
       Petrify           |       |     4 |     4 ||     8
Invok: Curse Item        |     1 |       |     1 ||     2
  Use: Potion            |       |     2 |       ||     2
 Stab: Sleeping          |    13 |     6 |     4 ||    23
       Distracted        |     1 |       |       ||     1
       Petrified         |       |     3 |     2 ||     5
       Petrifying        |       |     1 |     1 ||     2
Armor: Robe              |     9 |     9 |       ||    18
Dodge: Dodged            |    39 |    55 |     1 ||    95
